 Dungeon Crawl Stone Soup version 0.32-a0-961-gd60f5e5fc7 (webtiles) character file.

Game seed: 723730453791310618

135 Nietzsche the Changeling (level 5, -5/37 HPs)
             Began as a Merfolk Shapeshifter on Apr 17, 2024.
             Slain by Sigmund
             ... wielding a +0 scythe
              (8 damage)
             ... on level 2 of the Dungeon.
             The game lasted 00:03:49 (1029 turns).

Nietzsche the Changeling (Merfolk Shapeshifter)     Turns: 1029, Time: 00:03:52

Health: -5/37      AC:  6    Str: 15    XL:     5   Next: 18%
Magic:  7/7        EV:  2    Int: 11    God:
Gold:   52         SH:  0    Dex: 13    Spells: 7/7 levels left

rFire   . . .        g - +2 spear (flame)
rCold   . . .        (no shield)
rNeg    . . .        a - +0 animal skin
rPois   .            (helmet currently unavailable)
rElec   .            (cloak currently unavailable)
rCorr   .            (gloves currently unavailable)
SInv    .            (boots currently unavailable)
Will    .....        (no amulet)
Stlth   +            i - +4 ring of protection
HPRegen 0.26/turn    (no ring)
MPRegen 0.10/turn

%: no passive effects
@: confused, beast-form, attractive, constricted
A: beast (slay +2), (nimble swimmer 2), mertail
a: Begin Untransformation


You were on level 2 of the Dungeon.
You were a hulking beast.
You visited 1 branch of the dungeon, and saw 2 of its levels.

You collected 52 gold pieces.

Inventory:

Hand Weapons
 g - a +2 spear of flaming (weapon)
Armour
 a - a +0 animal skin (worn)
Jewellery
 i - a +4 ring of protection (left hand)
Talismans
 c - a beast talisman (active)
 d - a flux talisman
Scrolls
 e - 2 scrolls of identify {unknown}
 f - a scroll of butterflies {unknown}
 h - a scroll of amnesia {unknown}
 l - a scroll of revelation {unknown}
 n - 3 scrolls of vulnerability {unknown}
Potions
 b - a potion of lignification
 j - a potion of attraction
 k - a potion of curing {unknown}
 m - a potion of magic {unknown}
 o - a potion of ambrosia {unknown}


   Skills:
 + Level 1.5 Fighting
 * Level 2.5 Polearms
 + Level 3.2 Dodging
 + Level 0.9 Stealth
 - Level 3.5 Unarmed Combat
 * Level 1.9 Spellcasting
 + Level 5.0 Shapeshifting


You had 7 spell levels left.
You didn't know any spells.
Your spell library contained the following spells:

 Spells                   Type           Power      Damage    Failure   Level
 Apportation              Tloc           2%         N/A       30%         1
 Freeze                   Ice            4%         1d3       30%         1
 Kiss of Death            Conj/Necr      4%         2d5       30%         1
 Jinxbite                 Hex            2%         N/A       41%         2
 Confusing Touch          Hex            1%         N/A       65%         3
 Frozen Ramparts          Ice            2%         1d1       65%         3
 Hailstorm                Conj/Ice       1%         3d5       65%         3
 Dispel Undead            Necr           1%         3d6       96%         4
 Alistair's Intoxication  Alch           0%         N/A       100%        5


Dungeon Overview and Level Annotations

Branches:
Dungeon (2/15)

Altars:

Annotations:
D:2 Sigmund


Innate Abilities, Weirdness & Mutations

You are a hulking beast.
Your limbs bulge with bestial killing power. (Slay +2)
((You are very nimble when in or above water. (Stealth+, EV+, Speed+++)))
Your lower body shifts to a powerful aquatic tail in water.


Message History

You are more confused.
You hit Sigmund. You burn Sigmund.
Sigmund is moderately wounded.
Sigmund mumbles some strange words.
Sigmund flickers and vanishes!
Deactivating autopickup; reactivate with Ctrl-A.
A hobgoblin comes into view.
Something hits you!
You are too confused!
You are too confused!
The hobgoblin shouts!
The ball python hisses angrily.
The hobgoblin throws a stone.
The stone hits you but does no damage.
You miss something. Something barely misses you.
The hobgoblin throws a stone.
The stone barely misses you. Something hits you!
You're too confused to move!
The hobgoblin throws a stone.
The stone hits you.
The ball python bites you but does no damage.
The ball python barely misses you.
You barely miss the ball python.
The ball python bites you but does no damage.
The ball python closely misses you. Something hits you.
You hit something. You burn something.
The ball python bites you but does no damage.
You closely miss the ball python. Something hits you.
The ball python misses you.
A quokka comes into view.
You bump into the rock wall.
The ball python misses you. The ball python grabs you.
The ball python constricts you.
You hear some strange, mumbled words.
A puff of flame appears from out of thin air!
The puff of flame hits you!
* * * LOW HITPOINT WARNING * * *
A ribbon worm comes into view.
It was a potion of attraction.
You feel attractive to monsters.
The ball python bites you but does no damage.
The ball python constricts you.
* * * LOW HITPOINT WARNING * * *
The hobgoblin hits you but does no damage.
Something hits you!
You die...

..... #...w ...#
#####..# #......#
#......# #.....g###
##....Sh..###
.......{.....########
.##....#.....##.....#
.......#......#.....#
...r...#......#.....#
.......#....†.......#
.......#######......#
....... ##.....#
#.....#


You could see a ribbon worm, a quokka, a hobgoblin and a ball python.

Vanquished Creatures
  Terence (D:2)
  Natasha (thrice) (D:2)
  An adder (D:2)
  A ball python (D:2)
  3 endoplasms
  2 giant cockroaches (D:1)
  4 goblins (D:1)
  3 hobgoblins
  3 quokkas (D:1)
  5 frilled lizards
  3 rats
29 creatures vanquished.

Notes
Turn   | Place    | Note
-------+----------+-------------------------------------------
     0 | D:1      | Nietzsche the Merfolk Shapeshifter began the quest for the
                  | Orb.
     0 | D:1      | Reached XP level 1. HP: 15/15 MP: 1/1
   124 | D:1      | Reached XP level 2. HP: 19/21 MP: 1/3
   230 | D:1      | Reached skill level 1 in Spellcasting
   675 | D:2      | Noticed Natasha
   680 | D:2      | Killed Natasha
   681 | D:2      | Reached skill level 1 in Polearms
   681 | D:2      | Reached XP level 3. HP: 2/26 MP: 3/5
   714 | D:2      | Noticed Natasha
   791 | D:2      | Killed Natasha
   792 | D:2      | Reached XP level 4. HP: 31/32 MP: 6/6
   876 | D:2      | Noticed Natasha
   886 | D:2      | Killed Natasha
   936 | D:2      | Noticed Terence
   949 | D:2      | Reached skill level 5 in Shapeshifting
   954 | D:2      | Killed Terence
   955 | D:2      | Reached XP level 5. HP: 34/37 MP: 7/7
  1010 | D:2      | Noticed Sigmund
  1029 | D:2      | Slain by Sigmund

Illustrated notes

Levels and vault maps discovered:
D:1:      wander_arrival_fairy_ring, layout_loops_ring
D:2:      layout_basic, uniq_terence, uniq_crazy_yiuf_cottage, uniq_natasha,
          uniq_sigmund

Skill      XL: |  1  2  3  4 |
---------------+-------------+-----
Spellcasting   | 1 |  1.9
Polearms       | 1 2 |  2.5
Dodging        | 3 |  3.2
Shapeshifting  | 5 |  5.0
Fighting       | |  1.5
Stealth        | |  0.9
Unarmed Combat | |  3.5

Action                     |  1- 3 |  4- 6 || total
---------------------------+-------+-------++-------
  Melee: Unarmed           |    19 |       ||    19
         Spear             |    40 |    33 ||    73
    Use: Potion            |       |     1 ||     1
   Stab: Distracted        |     1 |       ||     1
         Sleeping          |     1 |       ||     1
 Armour: Animal skin       |    19 |    28 ||    47
  Dodge: Dodged            |    25 |    19 ||    44

Table legend: (Time is in decaauts)
 A = Elapsed time spent in this place.
 B = Non-inter-level travel time spent in this place.
 C = Inter-level travel time spent in this place.
 D = Time resting spent in this place.
 E = Time spent auto-exploring this place.
 F = Levels seen in this place.
 G = Mean time per level.
                   A        B        C        D        E       F      G
               +--------+--------+--------+--------+--------+-----+--------+
         Total |   1036 |   1036 |      0 |      0 |    755 |   2 |  518.0 |
       Dungeon |   1036 |   1036 |      0 |      0 |    755 |   2 |  518.0 |
               +--------+--------+--------+--------+--------+-----+--------+

Top non-repeatable levels by time:
     D:1: 740 daAuts
     D:2: 295 daAuts
